 Dungeon Sprint DCSS version 0.22-a0-389-g8519d86 (webtiles) character file.

429 raistware the Cleaver (level 7, -4/52 HPs)
             Began as a Kobold Berserker on Apr 30, 2018.
             Was a Believer of Trog.
             Slain by Sonja
             ... wielding a +0 dagger of draining
              (7 damage)
             ... in the Dungeon (Sprint I: "Red Sonja").
             The game lasted 00:05:58 (529 turns).

raistware the Cleaver (Kobold Berserker)             Turns: 529, Time: 00:06:01

Health: -4/52      AC:  3    Str: 17    XL:     7   Next: 19%
Magic:  7/7        EV: 13    Int:  8    God:    Trog [**....]
Gold:   304        SH:  0    Dex: 14    Spells: 6/6 levels left

rFire    . . .     SeeInvis .   a - +0 hand axe
rCold    . . .     Gourm    .   (shield restricted)
rNeg     . . .     Faith    .   k - +0 leather armour
rPois    .         Spirit   .   (no helmet)
rElec    .         Reflect  .   (no cloak)
rCorr    .         Harm     .   (no gloves)
MR       +++..     NoTele   +   (no boots)
Stlth    +.........             (no amulet)
HPRegen  1.17/turn              j - ring of protection from magic
MPRegen  0.10/turn              (no ring)

@: regenerating, slowed, extremely drained, very slow
A: small, carnivore
a: Berserk, Trog's Hand, Renounce Religion


You were in the Dungeon.
You worshipped Trog.
Trog was pleased with you.
You were not hungry.

You visited 1 branch You collected 304 gold pieces.

Inventory:

Hand Weapons
 a - a +0 hand axe (weapon)
Armour
 b - a +0 animal skin
 k - a +0 leather armour (worn)
Jewellery
 j - a ring of protection from magic (left hand)
Wands
 f - a wand of digging (6)
Scrolls
 i - a scroll of blinking
Potions
 g - 2 potions of magic
 h - a potion of berserk rage
Comestibles
 c - a ration


   Skills:
 + Level 9.6(1.6) Fighting
 * Level 10.2(2.0) Axes
 - Level 1.5(0.0) Armour
 - Level 2.4(0.0) Dodging


You had 6 spell levels left.
You didn't know any spells.

Dungeon Overview and Level Annotations

Branches:
Dungeon (1/1)

Altars:
Cheibriados
Dithmenos
Elyvilon
Fedhas
Gozag
Hepliaklqana
Kikubaaqudgha
Nemelex Xobeh
Okawaru
Qazlal
Ru
Sif Muna
Trog
Uskayaw
Vehumet
Wu Jian
Yredelemnul
Zin
The Shining One

Shops:
D ?=

Annotations:
D Sonja


Innate Abilities, Weirdness & Mutations

You are small and have problems with some larger weapons.
You are carnivorous and can eat meat at any time.


Message History

Sonja barely misses you.
You closely miss Sonja.
Sonja is lightly wounded.
You recover from your berserk rage.
Sonja hits you with an uncursed dagger of draining!
* * * LOW HITPOINT WARNING * * *
You feel drained.
Sonja hits you with an uncursed dagger of draining.
* * * LOW HITPOINT WARNING * * *
You feel drained.
Sonja hits you with an uncursed dagger of draining.
* * * LOW HITPOINT WARNING * * *
You feel drained.
* * * LOW HITPOINT WARNING * * *
Sonja hits you but does no damage.
You feel drained. Sonja hits you but does no damage.
You feel drained. Sonja completely misses you.
Sonja says, "If only old Madame Brzewit could see me now!"
Sonja hits you with an uncursed dagger of draining!
You die...

#..#####'#####'#
#..####..#K..#.#
#..#__####..##)#
#..#_____##'#_.+
#⌠⌠#_.∩...'..._#
####_..__##_K#'#
#_____###'#.#
############(###
#∩@K......'(.$+
###++++####$.$#
##.## #+#


You could see Sonja.

Vanquished Creatures
  Sigmund (D)
  A yak (D)
  An ogre (D)
  A jelly (D)
  Ijyb (D)
5 creatures vanquished.

Notes
Turn   | Place    | Note
-------+----------+-------------------------------------------
     0 | D        | raistware the Kobold Berserker began the quest for the Orb.
     0 | D        | Reached XP level 1. HP: 14/14 MP: 1/1
     2 | D        | Noticed Ijyb
     6 | D        | Killed Ijyb
     6 | D        | Reached skill level 4 in Axes
     6 | D        | Reached XP level 2. HP: 20/20 MP: 2/2
     6 | D        | Reached XP level 3. HP: 25/25 MP: 3/3
    38 | D        | Noticed an ogre
    45 | D        | Killed an ogre
    45 | D        | Reached skill level 6 in Axes
    45 | D        | Reached XP level 4. HP: 23/32 MP: 4/4
    45 | D        | Reached XP level 5. HP: 27/37 MP: 5/5
   193 | D        | Noticed Sigmund
   208 | D        | Killed Sigmund
   208 | D        | Reached ** piety under Trog
   208 | D        | Reached skill level 8 in Axes
   208 | D        | Reached XP level 6. HP: 23/45 MP: 6/6
   357 | D        | Found a deep blue altar of Sif Muna.
   358 | D        | Found an ornate altar of the Wu Jian Council.
   359 | D        | Found a radiant altar of Vehumet.
   362 | D        | Reached skill level 9 in Axes
   406 | D        | Found Unaor's Jewellery Emporium.
   406 | D        | Found an ancient bone altar of Kikubaaqudgha.
   406 | D        | Found a hazy altar of Hepliaklqana.
   406 | D        | Found a stormy altar of Qazlal.
   406 | D        | Found a hide-covered altar of Uskayaw.
   406 | D        | Found a blossoming altar of Fedhas.
   406 | D        | Found a bloodstained altar of Trog.
   406 | D        | Found an iron altar of Okawaru.
   406 | D        | Found a basalt altar of Yredelemnul.
   406 | D        | Found a glowing golden altar of the Shining One.
   406 | D        | Found a snail-covered altar of Cheibriados.
   406 | D        | Found a sacrificial altar of Ru.
   406 | D        | Found a glowing silver altar of Zin.
   406 | D        | Found a shadowy altar of Dithmenos.
   406 | D        | Found a white marble altar of Elyvilon.
   406 | D        | Noticed a yak
   415 | D        | Killed a yak
   415 | D        | Reached skill level 10 in Axes
   415 | D        | Reached XP level 7. HP: 52/52 MP: 7/7
   416 | D        | Found an opulent altar of Gozag.
   420 | D        | Found a sparkling altar of Nemelex Xobeh.
   495 | D        | Noticed Sonja
   508 | D        | Found Pun Bops's Magic Scroll Boutique.
   529 | D        | Slain by Sonja

Vault maps used:
D:        dungeon_sprint_1

Skill      XL: |  1  2  3  4  5  6 |
---------------+-------------------+-----
Fighting       | 4 6 8 9 |  9.6
Axes           | 4 6 8 10 | 10.2
Armour         | |  1.5
Dodging        | |  2.4

Action                   |  1- 3 |  4- 6 |  7- 9 || total
-------------------------+-------+-------+-------++-------
Melee: Hand axe          |    10 |    25 |     9 ||    44
Invok: Berserk           |     2 |     3 |     1 ||     6
       Trog's Hand       |       |       |     2 ||     2
  Use: Potion            |       |     1 |     2 ||     3
  Eat: Chunk             |     1 |     2 |     4 ||     7
Armor: Leather armour    |       |     1 |     7 ||     8
Dodge: Dodged            |     3 |     7 |    17 ||    27

Table legend:
 A = Spawn XP
 B = Non-spawn XP
 C = Spawn XP percentage of total XP
 D = Spawn monster count
 E = Non-spawn monster count
 F = Spawn count percentage of total count
 G = Total turns spent on level
                    A         B        C        D         E        F      G
               +---------+---------+-------+---------+---------+-------+---------
         Total |       0 |     613 |   0.0 |       0 |       5 |   0.0 |   529
               +---------+---------+-------+---------+---------+-------+---------
             D |       0 |     613 |   0.0 |       0 |       5 |   0.0 |   529
               +---------+---------+-------+---------+---------+-------+---------
